 Dungeon Crawl Stone Soup version 0.24-a0-408-gcc1054c (webtiles) character file.

Game seed: 6915801747465643540

475 Spazmo the Magician (level 6, -11/32 HPs)
             Began as a Deep Elf Fire Elementalist on June 5, 2019.
             Mangled by an ogre
             ... wielding a +0 giant club
              (20 damage)
             ... on level 5 of the Dungeon.
             The game lasted 00:10:21 (3522 turns).

Spazmo the Magician (Deep Elf Fire Elementalist)    Turns: 3522, Time: 00:10:23

Health: -11/32     AC:  5    Str:  5    XL:     6   Next: 84%
Magic:  11/17      EV: 13    Int: 22    God:
Gold:   183        SH:  0    Dex: 15    Spells: 2/17 levels left

rFire    . . .     SeeInvis .   w - +4 short sword
rCold    . . .     Gourm    +   (no shield)
rNeg     . . .     Faith    .   s - +0 robe {Archmagi}
rPois    .         Spirit   .   u - +0 helmet
rElec    .         Reflect  .   g - +0 cloak
rCorr    .         Harm     .   n - +0 pair of gloves
MR       .....                  (no boots)
Stlth    ++........             v - amulet of the gourmand
HPRegen  0.10/turn              l - ring of flight
MPRegen  0.15/turn              (no ring)

@: no status effects
A: no striking features
a: Evoke Flight


You were on level 5 of the Dungeon.
You were completely stuffed.

You visited 1 branch of the dungeon, and saw 5 of its levels.

You collected 183 gold pieces.

Inventory:

Hand Weapons
 w - a +4 short sword (weapon)
Missiles
 d - 215 stones (quivered)
Armour
 g - a +0 cloak (worn)
 n - a +0 pair of gloves (worn)
 s - a +0 robe of the Archmagi (worn)
 u - a +0 helmet (worn)
Jewellery
 l - a ring of flight (left hand)
 v - an amulet of the gourmand (around neck)
Wands
 a - a wand of scattershot (7)
 h - a wand of iceblast (9)
 m - a wand of random effects (24)
Scrolls
 b - 4 scrolls of magic mapping
 j - 4 scrolls of remove curse
 p - a scroll of amnesia
 r - 2 scrolls of fear
 t - 2 scrolls of fog
 x - a scroll of teleportation
 y - 2 scrolls of identify
Potions
 e - a potion of lignification {unknown}
 f - a potion of mutation {unknown}
 i - 7 potions of curing
 k - a potion of heal wounds
 o - a potion of agility
 q - a potion of might {unknown}
Comestibles
 c - 10 rations


   Skills:
 - Level 2.4 Dodging
 - Level 2.4 Stealth
 + Level 6.1 Spellcasting
 + Level 4.5 Conjurations
 + Level 5.5 Fire Magic


You had 2 spell levels left.
You knew the following spells:

 Your Spells              Type           Power        Failure   Level  Hunger
a - Flame Tongue          Conj/Fire      #####        1%          1    None
b - Throw Flame           Conj/Fire      #####.       1%          2    None
c - Conjure Flame         Conj/Fire      #####...     3%          3    #......
d - Sticky Flame          Conj/Fire      #####...     11%         4    ###....
e - Fireball              Conj/Fire      #####.....   30%         5    #####..

Your spell library contained the following spells:

 Spells                   Type           Power        Failure   Level  Hunger
 Inner Flame              Hex/Fire       ####....     9%          3    #......


Dungeon Overview and Level Annotations

Branches:
Dungeon (5/15)
 Temple: D:4-7

Altars:


Message History

Casting: Flame Tongue (safe; 1% risk of failure)
Confirm with . or Enter, or press ? or * to list all spells.
Aiming: Sticky Flame (safe; 11% risk of failure)
Press: ? - help, Shift-Dir - straight line, f/p - ogre
Aim: an ogre, wielding a +0 giant club (moderately wounded)
You feel a surge of power!
The sticky flame hits the ogre!
The ogre is heavily wounded.
The ogre is covered in liquid flames!
The ogre burns!
Casting: Sticky Flame (safe; 11% risk of failure)
Confirm with . or Enter, or press ? or * to list all spells.
Aiming: Flame Tongue (safe; 1% risk of failure)
Press: ? - help, Shift-Dir - straight line, f/p - ogre
Aim: an ogre, wielding a +0 giant club (severely wounded, covered in liquid flames)
You feel a surge of power!
The flame tongue hits the ogre but does no damage.
The ogre is severely wounded.
The ogre burns!
The ogre hits you with a +0 giant club!!
Ouch! That really hurt!
You die...

####
##...##
#@.⌠..+
##O..##
####


You could see an ogre (burning).

Vanquished Creatures
  A phantom (D:4)
  An ogre (D:3)
  An orc priest (D:4)
  An orc wizard (D:4)
  Terence (D:3)
  An iguana (D:4)
  Robin (D:4)
  7 adders
  2 oozes
  2 worms
  A dart slug (D:2)
  5 leopard geckos
  3 orcs
  9 bats
  5 giant cockroaches
  18 goblins
  10 hobgoblins
  A jackal (D:3)
  4 quokkas
  2 ball pythons
  5 frilled lizards
  9 kobolds
  A quokka skeleton (D:4)
  7 rats
98 creatures vanquished.

Notes
Turn   | Place    | Note
-------+----------+-------------------------------------------
     0 | D:1      | Spazmo the Deep Elf Fire Elementalist began the quest for
                  | the Orb.
     0 | D:1      | Reached XP level 1. HP: 10/10 MP: 6/6
   168 | D:1      | Reached XP level 2. HP: 15/15 MP: 5/8
   172 | D:1      | Learned a level 2 spell: Throw Flame
   662 | D:2      | Reached XP level 3. HP: 19/19 MP: 6/10
  1060 | D:2      | Reached skill level 4 in Spellcasting
  1333 | D:2      | Reached XP level 4. HP: 24/24 MP: 6/12
  1656 | D:3      | Noticed Terence
  1665 | D:3      | Killed Terence
  1963 | D:3      | Noticed an ogre
  1971 | D:3      | Killed an ogre
  1971 | D:3      | Reached skill level 5 in Spellcasting
  1971 | D:3      | Reached XP level 5. HP: 28/28 MP: 1/14
  1976 | D:3      | Learned a level 3 spell: Conjure Flame
  1981 | D:3      | Learned a level 4 spell: Sticky Flame
  2780 | D:4      | Noticed Robin
  2781 | D:4      | Reached skill level 5 in Fire Magic
  2786 | D:4      | Killed Robin
  2786 | D:4      | Reached XP level 6. HP: 32/32 MP: 9/16
  3211 | D:4      | Learned a level 5 spell: Fireball
  3340 | D:4      | Reached skill level 6 in Spellcasting
  3519 | D:5      | Entered Level 5 of the Dungeon
  3522 | D:5      | Mangled by an ogre

Levels and vault maps discovered:
D:1:      zaba_arrival_water, layout_loops_cross
D:2:      layout_basic, first_ration
D:3:      kb_forest_paths, layout_basic, uniq_terence
D:4:      layout_loops_ring, minmay_misc_feat_square, minivault_24, uniq_robin
D:5:      layout_cave_pools, minmay_temple_entry_glass, grunt_ministairs_5,
          uniq_pikel, uniq_eustachio

Skill      XL: |  1  2  3  4  5  6 |
---------------+-------------------+-----
Conjurations   | 2 3 4 |  4.5
Spellcasting   | 4 5 6 |  6.1
Fire Magic     | 4 5 |  5.5
Dodging        | |  2.4
Stealth        | |  2.4

Action                   |  1- 3 |  4- 6 || total
-------------------------+-------+-------++-------
Throw: Stone             |     2 |       ||     2
 Cast: Flame Tongue      |    57 |   121 ||   178
       Throw Flame       |     6 |    15 ||    21
       Sticky Flame      |       |     1 ||     1
  Use: Scroll            |     6 |     5 ||    11
       Potion            |     1 |     3 ||     4
  Eat: Chunk             |     1 |    20 ||    21
Armor: Robe              |       |    12 ||    12
Dodge: Dodged            |     6 |    23 ||    29

Table legend:
 A = Non-vault XP
 B = Vault XP
 C = Vault XP percentage of total XP
 D = Non-vault monster count
 E = Vault monster count
 F = Vault count percentage of total count
                 A         B        C        D         E       F
            +---------+---------+-------+---------+---------+-------
      Total |     586 |      93 |  13.7 |      81 |      17 |  17.3
            +---------+---------+-------+---------+---------+-------
        D:1 |      37 |       0 |   0.0 |      19 |       0 |   0.0
        D:2 |      89 |       0 |   0.0 |      27 |       0 |   0.0
        D:3 |     173 |      61 |  26.1 |      24 |       7 |  22.6
        D:4 |     287 |      32 |  10.0 |      11 |      10 |  47.6
            +---------+---------+-------+---------+---------+-------
